 Dungeon Crawl Stone Soup version 0.32-a0-900-g30fb1b0edc (webtiles) character file.

Game seed: 17900080819926393144

130 Doorstop00 the Chopper (level 4, -1/41 HPs)
             Began as a Minotaur Berserker on Apr 5, 2024.
             Was a Believer of Trog.
             Slain by an orc priest
             ... wielding a +2 short sword of electrocution
              (4 damage)
             ... on level 3 of the Dungeon.
             The game lasted 00:05:07 (1572 turns).

Doorstop00 the Chopper (Minotaur Berserker)         Turns: 1572, Time: 00:05:07

Health: -1/41      AC:  5    Str: 22    XL:     4   Next: 89%
Magic:  3/3        EV: 10    Int:  6    God:    Trog [**....]
Gold:   142        SH:  0    Dex:  9    Spells: 3/3 levels left

rFire   . . .        e - +1 whip of Seumat {freeze, Fly}
rCold   . . .        (no shield)
rNeg    . . .        h - +0 ring mail
rPois   .            (helmet restricted)
rElec   .            (no cloak)
rCorr   .            (no gloves)
SInv    .            (no boots)
Will    .....        (no amulet) Stlth
                     (no ring)
HPRegen 0.26/turn    (no ring)
MPRegen 0.08/turn

%: no passive effects
@: flying, studying Dodging
A: horns 2, retaliatory headbutt
a: Renounce Religion, Berserk, Trog's Hand


You were on level 3 of the Dungeon.
You worshipped Trog.
Trog was pleased with you.
You visited 1 branch of the dungeon, and saw 3 of its levels.

You collected 142 gold pieces.

Inventory:

Hand Weapons
 a - a +0 hand axe
 e - the +1 whip of Seumat (weapon) {freeze, Fly}
   (You found it on level 2 of the Dungeon)

   Fly:       It grants you flight.
Armour
 h - a +0 ring mail (worn)
Scrolls
 g - a scroll of amnesia
 i - a scroll of noise {unknown}
 k - a scroll of blinking {unknown}
 m - a scroll of identify
Potions
 b - a potion of haste
 c - 3 potions of heal wounds
 d - a potion of resistance
 f - a potion of magic {unknown}
 j - a potion of berserk rage {unknown}
 l - a potion of curing {unknown}


   Skills:
 * Level 4.7 Fighting
 * Level 5.2 Axes
 + Level 0.1(3.1) Maces & Flails
 * Level 3.2 Armour
 * Level 3.3 Dodging


You had 3 spell levels left.
You didn't know any spells.
Your spell library was empty.

Dungeon Overview and Level Annotations

Branches:
Dungeon (3/15)

Altars:

Annotations:
D:3 Grinder


Innate Abilities, Weirdness & Mutations

You have a pair of horns on your head.
You reflexively headbutt those who attack you in melee.


Message History

Found a stone staircase leading down.
The orc shouts! x2; You hear a shout! x2
An orc priest comes into view.
It is wielding a +2 short sword of electrocution.
Grinder comes into view.
An orc wizard comes into view. It is wielding a +0 dagger.
The kobold throws a stone.
The stone hits you but does no damage.
The orc priest shouts!
You hear a shout!
A dart slug comes into view.
The orc priest calls down the wrath of Beogh upon you.
Beogh smites you! The kobold hits you with a +0 whip.
You closely miss the kobold. The kobold hits you with a +0 whip.
You hit the kobold. You freeze the kobold.
You kill the kobold!
Trog accepts your kill.
An orc comes into view. It is wielding a +0 hand axe.
The orc shouts!
The orc priest invokes the aid of Beogh against you.
Beogh smites you! The orc misses you. The orc barely misses you.
Things that are here:
a +0 whip; 3 stones; a kobold corpse You are too injured to fight recklessly!
You are too injured to fight recklessly!
You are too injured to fight recklessly!
You are too injured to fight recklessly!
You whack the orc! You freeze the orc.
You kill the orc!
Trog accepts your kill.
The orc wizard mumbles some strange words.
The orc wizard flickers and vanishes!
Deactivating autopickup; reactivate with Ctrl-A.
The orc hits you from afar with a +0 trident.
* * * LOW HITPOINT WARNING * * *
The orc priest calls down the wrath of Beogh upon you.
Beogh smites you!
* * * LOW HITPOINT WARNING * * *
Grinder sighs, "No one appreciates my work."
You hit the orc priest but do no damage.
You headbutt the orc priest, but do no damage.
The orc priest hits you with a +2 short sword of electrocution.
You die...

. ##...#'#...## #
.........##.........####
.#.#.....##.............
........................
.#.#.....##.....#.......
...w.....##....###..###.
#.....o. #...#####.##..
#...oo)# #.##.##.......
#@# #.###.#..#.#.#
###.###.# ##.#......
#.......# ###.#.#.#
5.>.5..##### #.....)
#>......# #.#.#.#
#.##.#..# #...... #
#.###.# ......## ## ..#
#.#.##.## #.# #.#. ...


You could see Grinder, an orc priest, a dart slug and 2 orcs.

Vanquished Creatures
  The ghost of EvilEddieB the Grave Robber, an amateur DsNe (D:3)
  An adder (D:2)
  3 dart slugs
  2 orcs (D:3)
  7 bats
  3 endoplasms
  3 goblins (D:1)
  4 hobgoblins
  A quokka (D:1)
  5 ball pythons
  3 frilled lizards
  3 kobolds
  2 rats (D:2)
38 creatures vanquished.

Notes
Turn   | Place    | Note
-------+----------+-------------------------------------------
     0 | D:1      | Doorstop00 the Minotaur Berserker began the quest for the
                  | Orb.
     0 | D:1      | Reached XP level 1. HP: 19/19 MP: 0/0
    71 | D:1      | Reached XP level 2. HP: 26/27 MP: 1/1
    76 | D:1      | Reached skill level 4 in Axes
   916 | D:2      | Reached ** piety under Trog
   917 | D:2      | Reached XP level 3. HP: 25/33 MP: 2/2
  1228 | D:2      | Identified the +1 whip of Seumat {freeze, Fly}
  1419 | D:3      | Found a runed translucent door.
  1424 | D:3      | Noticed EvilEddieB's ghost (amateur DsNe)
  1446 | D:3      | Killed EvilEddieB's ghost
  1447 | D:3      | Reached skill level 5 in Axes
  1447 | D:3      | Reached XP level 4. HP: 17/41 MP: 3/3
  1566 | D:3      | Noticed Grinder
  1572 | D:3      | Slain by an orc priest

Illustrated notes

Levels and vault maps discovered:
D:1:      nicolae_arrival_memento_mori, layout_loops_ring, serial_forest,
          infiniplex_forest_end_3, infiniplex_forest_lined_2,
          infiniplex_forest_lined_3_way, infiniplex_forest_lined_2,
          infiniplex_forest_join, infiniplex_forest_clump_C,
          infiniplex_forest_clump_medium, infiniplex_forest_end_1,
          infiniplex_forest_lined_room_2
D:2:      layout_rooms
D:3:      layout_loops_cross, hellmonk_ghost_happy_afterlife, serial_glass,
          glass_columns_b, glass_columns_a, glass_columns_b, glass_columns_a,
          glass_columns_c, uniq_robin, uniq_grinder

Skill      XL: |  1  2  3 |
---------------+----------+-----
Axes           | 4 5 |  5.2
Fighting       | 4 |  4.7
Armour         | 3 |  3.2
Dodging        | 3 |  3.3
Maces & Flails | |  0.1

Action                     |  1- 3 |  4- 6 || total
---------------------------+-------+-------++-------
  Melee: Hand axe          |    68 |       ||    68
         Headbutt          |     6 |     1 ||     7
         Whip              |    18 |     4 ||    22
 Invoke: Berserk           |     1 |       ||     1
    Use: Scroll            |     5 |       ||     5
 Armour: Animal skin       |    19 |       ||    19
         Ring mail         |    31 |     5 ||    36
  Dodge: Dodged            |    38 |     2 ||    40

Table legend: (Time is in decaauts)
 A = Elapsed time spent in this place.
 B = Non-inter-level travel time spent in this place.
 C = Inter-level travel time spent in this place.
 D = Time resting spent in this place.
 E = Time spent auto-exploring this place.
 F = Levels seen in this place.
 G = Mean time per level.
                   A        B        C        D        E       F      G
               +--------+--------+--------+--------+--------+-----+--------+
         Total |   1590 |   1559 |     31 |    113 |   1165 |   3 |  530.0 |
       Dungeon |   1590 |   1559 |     31 |    113 |   1165 |   3 |  530.0 |
               +--------+--------+--------+--------+--------+-----+--------+

Top non-repeatable levels by time:
     D:1: 891 daAuts
     D:2: 495 daAuts
     D:3: 203 daAuts
